 Dungeon Crawl Stone Soup version 0.30.1-4-g462c640d31 (webtiles) character file.

Game seed: 10997883946858103947

326 bearlyready the Cudgeller (level 6, -1/53 HPs)
             Began as a Gnoll Cinder Acolyte on Sept 14, 2023.
             Was an Elder of Ignis.
             Slain by a black bear (4 damage)
             ... on level 4 of the Dungeon on Sept 15, 2023.
             The game lasted 00:05:38 (3214 turns).

bearlyready the Cudgeller (Gnoll Cinder Acolyte)    Turns: 3214, Time: 00:05:39

Health: -1/53      AC:  7    Str: 15    XL:     6   Next: 49%
Magic:  11/11      EV: 10    Int: 14    God:    Ignis [****..]
Gold:   121        SH:  0    Dex:  7    Spells: 12/12 levels left

rFire   + . .        r - +4 falchion (holy)
rCold   + . .        (no shield)
rNeg    . . .        e - +0 ring mail
rPois   .            (no helmet)
rElec   .            m - +1 cloak
rCorr   .            (no gloves)
SInv    .            (no boots)
Will    .....        (no amulet)
Stlth   +            f - ring of protection from cold
HPRegen 0.28/turn    (no ring)
MPRegen 0.12/turn

%: no passive effects
@: no status effects
A: fangs 1, strong nose, distributed training
a: Renounce Religion, Fiery Armour, Foxfire Swarm, Rising Flame


You were on level 4 of the Dungeon.
You worshipped Ignis.
Ignis was greatly pleased with you.
You visited 1 branch of the dungeon, and saw 4 of its levels.

You collected 121 gold pieces.

Inventory:

Hand Weapons
 a - a -1 mace of flaming
 n - a +0 flail
 r - a +4 falchion of holy wrath (weapon)
 t - a +1 dagger of holy wrath
Missiles
 g - 34 stones (quivered)
Armour
 b - a +0 robe
 e - a +0 ring mail (worn)
 m - a +1 cloak (worn)
Jewellery
 f - a ring of protection from cold (left hand)
Scrolls
 c - a scroll of acquirement {unknown}
 d - a scroll of poison {unknown}
 l - a scroll of fog {unknown}
 o - a scroll of enchant armour {unknown}
 p - a scroll of teleportation {unknown}
 u - a scroll of blinking {unknown}
 v - a scroll of identify {unknown}
 x - a scroll of silence {unknown}
Potions
 h - 3 potions of lignification {unknown}
 j - a potion of mutation {unknown}
 k - 4 potions of curing
 q - a potion of degeneration {unknown}
 s - a potion of resistance {unknown}


   Skills:
 + Level 6.9 Fighting
 + Level 2.1 Short Blades
 + Level 2.1 Long Blades
 + Level 2.1 Axes
 + Level 6.9 Maces & Flails
 + Level 2.1 Polearms
 + Level 2.1 Staves
 + Level 2.1 Ranged Weapons
 + Level 2.1 Throwing
 + Level 2.1 Armour
 + Level 2.1 Dodging
 + Level 2.1 Stealth
 + Level 2.1 Shields
 + Level 2.1 Unarmed Combat
 + Level 3.5 Spellcasting
 + Level 1.6 Conjurations
 + Level 1.6 Hexes
 + Level 1.6 Summonings
 + Level 1.6 Necromancy
 + Level 1.6 Translocations
 + Level 1.6 Transmutations
 + Level 5.7 Fire Magic
 + Level 1.6 Ice Magic
 + Level 1.6 Air Magic
 + Level 1.6 Earth Magic
 + Level 1.6 Poison Magic
 + Level 2.3 Invocations
 + Level 2.1 Evocations


You had 12 spell levels left.
You didn't know any spells.
Your spell library contained the following spells:

 Spells                   Type           Power      Damage    Failure   Level
 Scorch                   Fire           36%        2d7       5%          2
 Kiss of Death            Conj/Necr      28%        2d7       21%         1
 Sting                    Tmut/Pois      28%        1d4       21%         1
 Inner Flame              Hex/Fire       12%        N/A       26%         3
 Poisonous Vapours        Pois/Air       14%        N/A       30%         2
 Confusing Touch          Hex            7%         N/A       52%         3
 Flame Wave               Conj/Fire      12%        2d6       65%         4
 Sticky Flame             Conj/Fire      12%        2d4       65%         4
 Dispel Undead            Necr           7%         3d8       89%         4
 Olgreb's Toxic Radiance  Pois           7%         N/A       89%         4


Dungeon Overview and Level Annotations

Branches:
Dungeon (4/15)
 Temple: D:4-7

Altars:
Cheibriados


Innate Abilities, Weirdness & Mutations

You have very sharp teeth.
Your uncanny sense of smell can sniff out nearby items.
Your experience applies equally to all skills.


Message History

You hit the black bear.
The black bear is almost dead.
The black bear barely misses you. The black bear closely misses you.
The black bear claws you.
You hit the black bear.
The black bear is almost dead.
The black bear goes berserk!
You barely miss the black bear.
You punch the black bear, but do no damage.
The black bear is almost dead.
The black bear bites you. The black bear barely misses you.
The black bear closely misses you. The black bear bites you.
* * * LOW HITPOINT WARNING * * *
The black bear claws you.
* * * LOW HITPOINT WARNING * * *
The black bear claws you but does no damage.
Throw: throwing net
Press: ? - help, Q - select action, (/) - cycle Shift-Dir - straight line, f - black bear
Aim: a black bear (almost dead, berserk, 65% to hit)
You throw a throwing net.
The throwing net barely misses the black bear.
The black bear bites you but does no damage.
The black bear claws you.
* * * LOW HITPOINT WARNING * * *
The black bear claws you.
* * * LOW HITPOINT WARNING * * *
You feel much better. The black bear bites you! The black bear claws you.
The black bear claws you but does no damage.
The black bear bites you. The black bear claws you.
* * * LOW HITPOINT WARNING * * *
The black bear claws you.
* * * LOW HITPOINT WARNING * * *
You hit the black bear.
The black bear is almost dead.
The black bear bites you.
* * * LOW HITPOINT WARNING * * *
The black bear claws you.
* * * LOW HITPOINT WARNING * * *
The black bear closely misses you. The black bear bites you.
You die...

##############
#........@h.(#
#..########†.#
##..##### ..#
#.......# ....
#...###.#
.#### #...#
#.# .#
#...###.## .#
#........# .#
∆ #.#.###..#
.####


You could see a black bear (berserk).

Vanquished Creatures
  An orc priest (D:3)
  A hound (D:4)
  A gnoll bouda (D:4)
  An orc wizard (D:3)
  7 gnolls
  7 adders
  2 dart slugs
  5 orcs (D:3)
  6 endoplasms
  A giant cockroach (D:1)
  9 hobgoblins
  3 jackals
  5 quokkas
  7 ball pythons
  9 bats
  6 frilled lizards
  3 goblins
  7 kobolds
  2 rats (D:2)
83 creatures vanquished.

Vanquished Creatures (collateral kills)
  A foxfire (D:3)
1 creature vanquished.

Vanquished Creatures (others)
  36 foxfires
36 creatures vanquished.

Grand Total: 120 creatures vanquished

Notes
Turn   | Place    | Note
-------+----------+-------------------------------------------
     0 | D:1      | bearlyready the Gnoll Cinder Acolyte began the quest for
                  | the Orb.
     0 | D:1      | Reached XP level 1. HP: 23/23 MP: 4/4
   155 | D:1      | Reached XP level 2. HP: 18/29 MP: 5/5
   577 | D:1      | Reached XP level 3. HP: 27/35 MP: 7/7
   586 | D:2      | Reached skill level 1 in Invocations
   732 | D:2      | Found a faded altar of an unknown god.
   759 | D:2      | Reached skill level 1 in Short Blades
   759 | D:2      | Reached skill level 1 in Long Blades
   759 | D:2      | Reached skill level 1 in Axes
   759 | D:2      | Reached skill level 1 in Polearms
   759 | D:2      | Reached skill level 1 in Staves
   759 | D:2      | Reached skill level 1 in Ranged Weapons
   759 | D:2      | Reached skill level 1 in Throwing
   759 | D:2      | Reached skill level 1 in Armour
   759 | D:2      | Reached skill level 1 in Dodging
   759 | D:2      | Reached skill level 1 in Stealth
   759 | D:2      | Reached skill level 1 in Shields
   759 | D:2      | Reached skill level 1 in Unarmed Combat
   759 | D:2      | Reached skill level 1 in Evocations
   856 | D:2      | Reached XP level 4. HP: 14/41 MP: 8/8
  1162 | D:2      | Reached skill level 1 in Conjurations
  1162 | D:2      | Reached skill level 1 in Hexes
  1162 | D:2      | Reached skill level 1 in Summonings
  1162 | D:2      | Reached skill level 1 in Necromancy
  1162 | D:2      | Reached skill level 1 in Translocations
  1162 | D:2      | Reached skill level 1 in Transmutations
  1162 | D:2      | Reached skill level 1 in Ice Magic
  1162 | D:2      | Reached skill level 1 in Air Magic
  1162 | D:2      | Reached skill level 1 in Earth Magic
  1162 | D:2      | Reached skill level 1 in Poison Magic
  1429 | D:2      | Reached XP level 5. HP: 47/47 MP: 9/9
  2412 | D:3      | Found a snail-covered altar of Cheibriados.
  2773 | D:4      | Reached XP level 6. HP: 32/53 MP: 11/11
  2930 | D:4      | HP: 1/53 [gnoll bouda/+0 club (10)]
  3191 | D:4      | Noticed a black bear
  3212 | D:4      | HP: 2/53 [black bear (5)]
  3214 | D:4      | Slain by a black bear

Illustrated notes

Levels and vault maps discovered:
D:1:      lightli_arrival_statuegarden, layout_basic
D:2:      minmay_chambers_of_ones, layout_loops_ring,
          hellmonk_ecumenical_altar_arch_garden, mrwooster_statue_mirror
D:3:      cheibrodos_pilgrimage, layout_basic, mainiacjoe_overflow_tiny_flanked,
          chequers_decorated_corner, kennysheep_big_empty_room
D:4:      layout_loops_ring, minmay_temple_entry_glassed_door, serial_shops,
          nicolae_shop_just_a_little_nook

Skill      XL: |  1  2  3  4  5  6 |
---------------+-------------------+-----
Invocations    | 1 2 |  2.3
Short Blades   | 1 2 |  2.1
Long Blades    | 1 2 |  2.1
Axes           | 1 2 |  2.1
Polearms       | 1 2 |  2.1
Staves         | 1 2 |  2.1
Ranged Weapons | 1 2 |  2.1
Throwing       | 1 2 |  2.1
Armour         | 1 2 |  2.1
Dodging        | 1 2 |  2.1
Stealth        | 1 2 |  2.1
Shields        | 1 2 |  2.1
Unarmed Combat | 1 2 |  2.1
Evocations     | 1 2 |  2.1
Spellcasting   | 3 |  3.5
Conjurations   | 1 |  1.6
Hexes          | 1 |  1.6
Summonings     | 1 |  1.6
Necromancy     | 1 |  1.6
Translocations | 1 |  1.6
Transmutations | 1 |  1.6
Ice Magic      | 1 |  1.6
Air Magic      | 1 |  1.6
Earth Magic    | 1 |  1.6
Poison Magic   | 1 |  1.6
Fighting       | |  6.9
Maces & Flails | |  6.9
Fire Magic     | |  5.7

Action                     |  1- 3 |  4- 6 || total
---------------------------+-------+-------++-------
  Melee: Mace              |   103 |    95 ||   198
         Bite              |     5 |    20 ||    25
         Punch             |     1 |     3 ||     4
         Falchion          |       |   106 ||   106
  Throw: Throwing net      |       |     1 ||     1
 Invoke: Foxfire Swarm     |     1 |     1 ||     2
         Fiery Armour      |       |     1 ||     1
    Use: Potion            |     1 |     3 ||     4
 Armour: Robe              |    24 |     1 ||    25
         Ring mail         |       |   106 ||   106
  Dodge: Dodged            |    74 |   114 ||   188
